 Dungeon Crawl Stone Soup version 0.29.1-15-g9cfb28693d (webtiles) character file.

Game seed: 15356403266333686216

25393 chaostorm the Unseen (level 12, 0/60 HPs)
             Began as a Spriggan Hunter on Apr 6, 2023.
             Was the Champion of Okawaru.
             Slain by a +3 long sword (18 damage)
             ... on level 12 of the Dungeon on Apr 8, 2023.
             The game lasted 02:51:49 (20246 turns).

chaostorm the Unseen (Spriggan Hunter)             Turns: 20246, Time: 02:51:49

Health: 0/60       AC:  5    Str:  6    XL:     12   Next: 89%
Magic:  13/13      EV: 40    Int: 10    God:    Okawaru [******]
Gold:   836        SH:  0    Dex: 33    Spells: 11/11 levels left

rFire   . . .      SeeInvis +   b - +0 arbalest
rCold   . . .      Faith    .   (shield currently unavailable)
rNeg    . . .      Spirit   .   J - +0 troll leather armour
rPois   .          Reflect  .   p - +0 hat
rElec   .          Harm     .   z - +0 cloak
rCorr   .          Rampage  .   (gloves unavailable)
Will    +++..                   (boots unavailable)
Stlth   +++++++...              (no amulet)
HPRegen 1.00/turn               e - +6 ring of dexterity
MPRegen 0.13/turn               E - +4 ring of evasion

@: marked, very quick
A: very small, no large weapons, unfitting armour, see invisible, speed 3, agile
1, frail 1, strong-willed 1
a: Renounce Religion, Heroism, Finesse, Duel


You were on level 12 of the Dungeon.
You worshipped Okawaru.
Okawaru was exalted by your worship.
You visited 2 branches of the dungeon, and saw 14 of its levels.

You collected 836 gold pieces.

Inventory:

Hand Weapons
 a - a +0 shortbow of electrocution
 b - a +0 arbalest (weapon)
 K - a +2 quick blade
Missiles
 u - 35 poisoned darts
 A - a throwing net
 C - 5 atropa-tipped darts
 G - 2 boomerangs
Armour
 c - a +0 robe
 p - a +0 hat (worn)
 z - a +0 cloak (worn)
 J - a +0 troll leather armour (worn)
 O - the +1 robe "Gubla" {rF+++ rC- rN+++ Stlth-}
   (Okawaru gifted it to you on level 12 of the Dungeon)

   rF:        It renders you almost immune to fire.
   rC:        It makes you vulnerable to cold.
   rN:        It renders you almost immune to negative energy.
   Stlth:     It makes you less stealthy.
Jewellery
 e - a +6 ring of dexterity (left hand)
 g - a ring of protection from cold
 j - a ring of fire
 m - a ring of positive energy
 o - an amulet of magic regeneration
 w - a ring of fire
 E - a +4 ring of evasion (right hand)
 N - a ring of magical power
Wands
 q - a wand of quicksilver (7)
 s - a wand of charming (19)
 B - a wand of polymorph (6)
Scrolls
 f - 8 scrolls of teleportation
 i - 4 scrolls of immolation
 l - 2 scrolls of enchant armour
 r - 2 scrolls of amnesia
 v - a scroll of fear
 x - 2 scrolls of blinking
 y - 2 scrolls of magic mapping
 H - a scroll of vulnerability
 I - a scroll of enchant weapon
 L - 2 scrolls of identify
 M - a scroll of silence
Potions
 d - 6 potions of curing
 h - 5 potions of ambrosia
 k - 3 potions of flight
 n - 2 potions of haste
 D - a potion of invisibility
 F - 2 potions of cancellation
 P - 3 potions of attraction
 Q - a potion of magic {unknown}


   Skills:
 + Level 9.5 Fighting
 + Level 11.8 Ranged Weapons
 + Level 14.5 Dodging
 + Level 16.7 Stealth


You had 11 spell levels left.
You didn't know any spells.
Your spell library contained the following spells:

 Spells                   Type           Power      Damage    Failure   Level
 Beastly Appendage        Tmut           0%         N/A       52%         1
 Necrotise                Necr           0%         1d4       52%         1
 Scorch                   Fire           0%         2d5       65%         2
 Wereblood                Tmut           0%         N/A       65%         2
 Gell's Gravitas          Tloc           0%         N/A       87%         3
 Inner Flame              Hex/Fire       0%         N/A       87%         3
 Spider Form              Tmut/Pois      0%         N/A       87%         3
 Stone Arrow              Conj/Erth      0%         3d7       87%         3
 Teleport Other           Tloc           0%         N/A       87%         3
 Vampiric Draining        Necr           0%         2d6       87%         3
 Cause Fear               Hex            0%         N/A       99%         4
 Flame Wave               Conj/Fire      0%         2d4       99%         4
 Petrify                  Tmut/Erth      0%         N/A       99%         4
 Agony                    Necr           0%         N/A       100%        5
 Blade Hands              Tmut           0%         N/A       100%        5
 Irradiate                Conj/Tmut      0%         3d11      100%        5
 Metabolic Englaciation   Hex/Ice        0%         N/A       100%        5
 Dispersal                Tloc           0%         N/A       100%        6
 Statue Form              Tmut/Erth      0%         N/A       100%        6
 Dragon Form              Tmut           0%         N/A       100%        7
 Discord                  Hex            0%         N/A       100%        8
 Lehudib's Crystal Spear  Conj/Erth      0%         10d2      100%        8
 Summon Small Mammal      Summ           Unusable   N/A       N/A         1
 Call Canine Familiar     Summ           Unusable   N/A       N/A         3
 Summon Guardian Golem    Hex/Summ       Unusable   N/A       N/A         3
 Animate Armour           Summ/Erth      Unusable   N/A       N/A         4
 Summon Cactus Giant      Summ           Unusable   N/A       N/A         6

Dungeon Overview and Level Annotations

Branches:
Dungeon (13/15) Zot: 26443  Temple (1/1) D:5 Zot: 5941    Lair (0/5) D:8
    Orc (0/2) D:12         Vaults (0/5) D:13

Altars:
Ashenzari
Cheibriados
Dithmenos
Elyvilon
Fedhas
Gozag
Hepliaklqana
Kikubaaqudgha
Makhleb
Nemelex Xobeh
Okawaru
Qazlal
Ru
Sif Muna
Trog
Uskayaw
Vehumet
Wu Jian
Xom
Yredelemnul
Zin
The Shining One

Shops:
D:13 [

Portals:
Abyss: D:7

Annotations:
D:4 1 runed translucent door, Crazy Yiuf
D:7 2 transporters, Steelrune's ghost, novice HOFi


Innate Abilities, Weirdness & Mutations

You are very small and have problems with some larger weapons.
You are too small for most types of armour.
You have supernaturally acute eyesight. (SInv)
You cover ground extremely quickly. (Speed+++)
You are agile. (Dex +4, Str/Int -1)
You are frail. (-10% HP)
You are strong-willed. (Will+)


Message History

The +3 long sword is severely damaged.
The +3 long sword completely misses you.
Really go through this one-way escape hatch?
The +3 long sword completely misses you. x2
A mysterious force pulls you upwards. The hatch slams shut behind you.
Fire: b) +0 arbalest
Press: ? - help, Shift-Dir - straight line, f - +3 long sword
Aim: a +3 long sword (severely damaged, 52% to hit)
You shoot a bolt.
The bolt hits the +3 long sword but does no damage.
The +3 long sword is severely damaged.
The +3 long sword hits you!
The +3 long sword completely misses you.
Fire: b) +0 arbalest
Press: ? - help, Shift-Dir - straight line, f/p - +3 long sword
Aim: a +3 long sword (heavily damaged, 52% to hit)
You shoot a bolt.
The bolt closely misses the +3 long sword.
The +3 long sword hits you!
* * * LOW HITPOINT WARNING * * *
The +3 long sword misses you.
Fire: b) +0 arbalest
Press: ? - help, Shift-Dir - straight line, f/p - +3 long sword
Aim: a +3 long sword (heavily damaged, 52% to hit)
You shoot a bolt. The bolt hits the +3 long sword.
The +3 long sword is heavily damaged.
The +3 long sword hits you!
* * * LOW HITPOINT WARNING * * *
The +3 long sword completely misses you.
You feel much better.
The +3 long sword completely misses you.
The +3 long sword hits you!!
* * * LOW HITPOINT WARNING * * *
Fire: b) +0 arbalest
Press: ? - help, Shift-Dir - straight line, f/p - +3 long sword
Aim: a +3 long sword (heavily damaged, 52% to hit)
You shoot a bolt.
The bolt closely misses the +3 long sword.
The +3 long sword hits you!!
You die...

###########################
#...).....@(...............
#..))....)..###############
####..########.##.............
#>........<...)...############
####)....####.###.##.#...........
...#.#...# #.# #.##...##########
##.#.#...# #.# #.##...#
#.#.#...####.###.##.#.##########
#.#.#.........................[.
#.#.##.......###.##.#...########
#.#.###.#........##......##
#.......#.#########.[.....##
###.#####.# ##...#.....#..#
####.# #.# #..........##.##
.....# #.# #....##....##..##
####.# #.# #....##....###..##


You could see a +3 long sword.

Vanquished Creatures
  Josephine (D:10)
  3 boulder beetles
  2 hydras
  Erica (D:8)
  2 centaur warriors (D:13)
  A dancing weapon (D:12)
  2 two-headed ogres
  3 death yaks (D:7)
  Urug (D:12)
  2 ugly things
  2 manticores
  2 cyclopes (D:13)
  Maurice (D:9)
  A gargoyle (D:11)
  6 kobold demonologists
  A tengu conjurer (D:13)
  3 trolls
  4 slime creatures (D:13)
  A shadow (D:11)
  5 wraiths
  2 wyverns
  Eustachio (D:6)
  17 yaks
  A vampire (D:8)
  5 vampire mosquitoes
  An acid dragon (D:13)
  2 water moccasins
  5 orc warriors
  A black bear (D:7)
  3 ogres
  9 centaurs
  A phantom (D:6)
  5 bullfrogs
  4 kobold brigands
  2 necrophages
  3 gnoll sergeants
  A scorpion (D:7)
  5 wights (D:9)
  12 killer bees
  7 howler monkeys
  A lava snake (D:8)
  5 hounds
  2 jellies
  7 orc priests
  2 gnoll boudas
  2 hell rats
  5 iguanas
  13 orc wizards
  26 gnolls
  8 adders
  2 shadow imps
  4 white imps
  2 ufetubi (D:6)
  3 worms
  2 dart slugs (D:1)
  36 orcs
  7 ball pythons
  12 endoplasms
  A giant cockroach (D:4)
  9 goblins
  8 hobgoblins
  7 jackals
  5 quokkas
  8 bats
  3 frilled lizards (D:1)
  26 kobolds
  3 rats
340 creatures vanquished.

Vanquished Creatures (others)
  A fungus (D:2)
  4 plants
5 creatures vanquished.

Grand Total: 345 creatures vanquished

Notes
Turn   | Place    | Note
-------+----------+-------------------------------------------
     0 | D:1      | chaostorm the Spriggan Hunter began the quest for the Orb.
     0 | D:1      | Reached XP level 1. HP: 10/10 MP: 2/2
     6 | D:1      | Noticed a killer bee
     6 | D:1      | Noticed a black bear
     6 | D:1      | Noticed an anaconda
     7 | D:1      | Noticed a wyvern
     7 | D:1      | Noticed a komodo dragon
    74 | D:1      | Reached skill level 2 in Stealth
   122 | D:1      | Reached XP level 2. HP: 15/15 MP: 3/3
   331 | D:1      | You fall into a shaft and drop 1 floor!
   658 | D:1      | Reached XP level 3. HP: 18/18 MP: 4/4
  1153 | D:2      | Reached skill level 3 in Stealth
  1193 | D:2      | Found a faded altar of an unknown god.
  1556 | D:2      | Reached XP level 4. HP: 23/23 MP: 5/5
  3315 | D:3      | Reached skill level 4 in Stealth
  3315 | D:3      | Reached XP level 5. HP: 20/27 MP: 6/6
  4167 | D:4      | Reached skill level 5 in Ranged Weapons
  4167 | D:4      | Reached XP level 6. HP: 32/32 MP: 7/7
  4196 | D:4      | Found a runed translucent door.
  4197 | D:4      | Noticed Crazy Yiuf
  4463 | D:4      | Reached skill level 5 in Stealth
  4553 | D:5      | Entered Level 5 of the Dungeon
  4559 | D:5      | Gained mutation: You are frail. (-10% HP) [potion of
                  | mutation]
  4559 | D:5      | Gained mutation: You are strong-willed. (Will+) [potion of
                  | mutation]
  4559 | D:5      | Gained mutation: You are agile. (Dex +4, Str/Int -1)
                  | [potion of mutation]
  4819 | D:4      | HP: 1/28 [white imp/puff of frost (13)]
  5190 | D:5      | Reached skill level 5 in Dodging
  5347 | D:5      | Noticed a water moccasin
  5537 | D:5      | Reached XP level 7. HP: 32/32 MP: 8/8
  5578 | D:5      | Found a staircase to the Ecumenical Temple.
  5626 | D:5      | Reached skill level 6 in Stealth
  5981 | Temple   | Entered the Ecumenical Temple
  6313 | D:6      | Reached skill level 7 in Stealth
  6413 | D:6      | Reached XP level 8. HP: 37/37 MP: 9/9
  6755 | D:6      | Found the +1 Delatra's gloves {ID++}
  6884 | D:6      | Found a burning altar of Makhleb.
  6885 | D:6      | Found a sacrificial altar of Ru.
  6886 | D:6      | Found a snail-covered altar of Cheibriados.
  6886 | D:6      | Found a shimmering altar of Xom.
  6887 | D:6      | Found a shimmering blue altar of Sif Muna.
  6887 | D:6      | Found a bloodstained altar of Trog.
  6888 | D:6      | Found a hide-covered altar of Uskayaw.
  6888 | D:6      | Found an opulent altar of Gozag.
  6889 | D:6      | Found a stormy altar of Qazlal.
  6890 | D:6      | Found an iron altar of Okawaru.
  6890 | D:6      | Found a glowing silver altar of Zin.
  6891 | D:6      | Found a white marble altar of Elyvilon.
  6893 | D:6      | Found a shadowy altar of Dithmenos.
  6893 | D:6      | Found an ancient bone altar of Kikubaaqudgha.
  6937 | D:6      | Became a worshipper of Warmaster Okawaru
  6970 | D:6      | Noticed Eustachio
  7247 | D:6      | Reached skill level 8 in Stealth
  7605 | D:5      | Reached * piety under Okawaru
  8051 | D:6      | Found a sparkling altar of Nemelex Xobeh.
  8067 | D:6      | Reached skill level 5 in Fighting
  8067 | D:6      | Reached skill level 9 in Stealth
  9332 | D:6      | Killed Eustachio
  9333 | D:6      | Reached XP level 9. HP: 36/42 MP: 10/10
  9414 | D:7      | Found a transporter.
  9414 | D:7      | Found a transporter.
  9754 | D:7      | Noticed a toenail golem
  9801 | D:6      | Reached ** piety under Okawaru
 10086 | D:7      | Reached skill level 10 in Stealth
 10114 | D:7      | Noticed Steelrune's ghost (novice HOFi)
 10195 | D:7      | Found a one-way gate to the infinite horrors of the Abyss.
 11483 | D:8      | Found a flagged portal.
 11553 | D:8      | Noticed a death yak
 11555 | D:8      | Found a staircase to the Lair.
 11556 | D:8      | Noticed a death yak
 11557 | D:8      | Noticed a death yak
 11619 | D:7      | Reached skill level 11 in Stealth
 11868 | D:8      | Noticed Erica
 12759 | D:7      | Killed a death yak
 12759 | D:7      | Reached *** piety under Okawaru
 12760 | D:7      | Reached skill level 10 in Dodging
 12760 | D:7      | Reached XP level 10. HP: 47/47 MP: 11/11
 13030 | D:7      | Killed a death yak
 13227 | D:7      | Killed a death yak
 13227 | D:7      | Reached **** piety under Okawaru
 13228 | D:7      | Reached skill level 12 in Stealth
 14022 | D:8      | Killed Erica
 15829 | D:9      | Reached skill level 13 in Stealth
 15838 | D:9      | Noticed Maurice
 15858 | D:9      | Reached ***** piety under Okawaru
 15894 | D:9      | Killed Maurice
 15895 | D:9      | Reached XP level 11. HP: 52/52 MP: 12/12
 16434 | D:10     | Entered Level 10 of the Dungeon
 16476 | D:10     | Received a gift from Okawaru
 17136 | D:10     | Noticed Josephine
 17152 | D:10     | Reached skill level 10 in Ranged Weapons
 17712 | D:10     | Killed Josephine
 17713 | D:10     | Reached skill level 14 in Stealth
 17979 | D:10     | Noticed a two-headed ogre
 17988 | D:10     | Killed a two-headed ogre
 17988 | D:10     | Received a gift from Okawaru
 18132 | D:11     | Noticed a two-headed ogre
 18144 | D:11     | Killed a two-headed ogre
 18144 | D:11     | Reached ****** piety under Okawaru
 18246 | D:11     | Found a gate leading to a gauntlet.
 18246 | D:11     | Noticed a five-headed hydra
 18270 | D:11     | Killed a five-headed hydra
 18349 | D:11     | Noticed a boulder beetle
 18374 | D:11     | Killed a boulder beetle
 18465 | D:11     | Reached skill level 15 in Stealth
 18482 | D:11     | Reached XP level 12. HP: 58/58 MP: 13/13
 18496 | D:11     | Identified the +10 mace "Ticvuhar" {drain, Dex+3}
 18635 | D:12     | Noticed a seven-headed hydra
 18642 | D:12     | Killed a seven-headed hydra
 18880 | D:12     | Found a staircase to the Orcish Mines.
 18930 | D:12     | Identified the +1 robe "Gubla" {rF+++ rC- rN+++ Stlth-}
                  | (Okawaru gifted it to you on level 12 of the Dungeon)
 18930 | D:12     | Received a gift from Okawaru
 18947 | D:12     | Noticed a boulder beetle
 18957 | D:12     | Noticed Urug
 18983 | D:12     | Killed Urug
 18990 | D:12     | Killed a boulder beetle
 19059 | D:12     | Noticed a boulder beetle
 19074 | D:12     | Killed a boulder beetle
 19570 | D:13     | Noticed a centaur warrior
 19578 | D:12     | Reached skill level 16 in Stealth
 19707 | D:13     | Found Guimeq's Armour Shop.
 19757 | D:13     | Killed a centaur warrior
 20125 | D:13     | Found a gate to the Vaults.
 20168 | D:13     | Noticed a centaur warrior
 20171 | D:13     | Killed a centaur warrior
 20213 | D:13     | Noticed a seven-headed hydra
 20246 | D:12     | Slain by a +3 long sword

Illustrated notes

Levels and vault maps discovered:
D:1:      onia_arrival_zoo_common, layout_basic, minmay_indecisive_spiral
D:2:      layout_basic, shapermc_ecumenical_altar_ellora, grunt_ministairs_5,
          hangedman_decor_growths
D:3:      layout_basic
D:4:      layout_basic, kennysheep_potato, uniq_crazy_yiuf_cottage
D:5:      layout_cave_pools, minmay_temple_entry_crystal_x, dk_noncrumbling_4
D:6:      layout_loops_corners, nemelex_dance_club_becter,
          nicolae_overflows_in_rows, pf_guarded_unrand_delatra, uniq_eustachio
D:7:      layout_basic, gammafunk_ghost_abyssal_escape,
          minmay_misc_feat_more_columns
D:8:      layout_rooms, dpeg_lair_monsters, enter_bailey_5,
          kennysheep_decorative_pillar, hangedman_decor_peaks_small, uniq_erica
D:9:      layout_rooms, grunt_ministairs_1, amethyst_killhole, uniq_maurice
D:10:     layout_roguey, serial_bayou_crossing, uniq_josephine
D:11:     layout_rooms, gauntlet_entry_generic
D:12:     layout_basic, orc_0_dummy, uniq_urug
D:13:     layout_big_octagon, erik_vaults_1, serial_shops,
          nicolae_shop_temple_entry_statues_fountains,
          kennysheep_opposing_triangles
Temple:   hellmonk_temple_two_chambers

Skill      XL: |  1  2  3  4  5  6  7  8  9 10 11 12 |
---------------+-------------------------------------+-----
Stealth        | 2 3 4 5 7 9 11 13 15 16 | 16.7
Dodging        | 3 4 5 6 8 10 11 13 14 | 14.5
Fighting       | 2 3 4 5 6 7 8 9 |  9.5
Ranged Weapons | 5 6 7 8 9 10 11 | 11.8

Action                   |  1- 3 |  4- 6 |  7- 9 | 10-12 || total
-------------------------+-------+-------+-------+-------++-------
 Fire: Shortbow          |    95 |   158 |   531 |   215 ||   999
       Arbalest          |       |       |       |   441 ||   441
  Use: Scroll            |       |     8 |     1 |     9 ||    18
       Potion            |       |     3 |     3 |     4 ||    10
Armor: Robe              |     2 |     3 |     7 |     1 ||    13
       Troll leather arm |       |       |       |     5 ||     5
Dodge: Dodged            |    16 |    32 |   292 |   346 ||   686
